 Dungeon Crawl Stone Soup version 0.30.0-5-g1a98f26d00 (webtiles) character file.

Game seed: 13914303658864931725

988 browni3141 the Trooper (level 8, -5/83 (87) HPs)
             Began as an Ogre Delver on May 10, 2023.
             Slain by a wight
             ... wielding a +4 great sword of freezing
              (8 damage)
             ... on level 7 of the Dungeon.
             The game lasted 00:09:30 (7379 turns).

browni3141 the Trooper (Ogre Delver)                Turns: 7379, Time: 00:09:31

HP:   -5/83 (87)    AC:  3    Str: 19    XL:     8   Next: 18%
MP:   10/12         EV:  9    Int: 11    God:
Gold: 273           SH:  0    Dex: 10    Spells: 10/13 levels left

rFire   . . .        W - +1 war axe (venom)
rCold   . . .        (no shield)
rNeg    . . .        b - +0 robe
rPois   .            (helmet restricted)
rElec   .            (no cloak)
rCorr   .            (gloves unavailable)
SInv    .            (boots unavailable)
Will    .....        (no amulet)
Stlth   ++           (no ring)
HPRegen 0.33/turn    (no ring)
MPRegen 0.13/turn

%: no passive effects
@: lightly drained
A: large, unfitting armour, tough skin 1
a: no special abilities


You were on level 7 of the Dungeon.
You visited 1 branch of the dungeon, and saw 7 of its levels.

You collected 273 gold pieces.

Inventory:

Hand Weapons
 a - a +0 mace
 W - a +1 war axe of venom (weapon)
Missiles
 J - 3 poisoned darts
 T - 2 boomerangs
 Y - 5 large rocks
 Z - a throwing net
Armour
 b - a +0 robe (worn)
Magical Staves
 S - a staff of cold
Jewellery
 R - a ring of resist corrosion
Wands
 g - a wand of digging (3)
 V - a wand of flame (21)
Scrolls
 d - a scroll of magic mapping
 e - 2 scrolls of fear
 C - a scroll of vulnerability {unknown}
 D - a scroll of acquirement {unknown}
 E - a scroll of noise {unknown}
 F - a scroll of fog
 I - a scroll of immolation {unknown}
 K - 8 scrolls of teleportation {unknown}
 L - 2 scrolls of enchant weapon {unknown}
 M - 2 scrolls of amnesia {unknown}
 Q - 6 scrolls of identify {unknown}
Potions
 h - 5 potions of haste
 G - a potion of curing {unknown}
 H - a potion of degeneration {unknown}
 N - a potion of mutation {unknown}
 O - 3 potions of brilliance {unknown}
 P - 2 potions of flight {unknown}
 U - a potion of attraction {unknown}
 X - a potion of berserk rage {unknown}


   Skills:
 + Level 7.2 Fighting
 * Level 6.1 Maces & Flails
 - Level 1.7 Dodging
 - Level 3.7 Stealth
 - Level 3.0 Spellcasting
 - Level 3.0 Ice Magic


You had 10 spell levels left.
You knew the following spells:

 Your Spells              Type           Power      Damage    Failure   Level
o - Ozocubu's Armour      Ice            8%         N/A       22%         3

Your spell library contained the following spells:

 Spells                   Type           Power      Damage    Failure   Level
 Ozocubu's Refrigeration  Ice            4%         4d8       100%        7


Dungeon Overview and Level Annotations

Branches:
Dungeon (7/15)
 Temple: D:4-7

Altars:
Gozag
Hepliaklqana
Trog
Uskayaw
Vehumet

Shops:
D:3 (

Annotations:
D:4 exclusion: ogre
D:5 exclusion: ogre


Innate Abilities, Weirdness & Mutations

You are too large for most types of armour.
You have tough skin. (AC +1)


Message History

The puff of frost hits you!
You barely miss the white imp. The white imp gestures at you.
The puff of frost hits you.
You barely miss the white imp. The white imp completely misses you.
You closely miss the white imp. The white imp barely misses you.
The white imp hits you. The white imp freezes you.
You slash the white imp!
The white imp is almost dead.
The white imp misses you.
You hit the white imp.
You kill the white imp!
Done exploring.
Done exploring.
Done exploring.
(D) Dungeon
Where to? (Enter - D:5 @ (x,y), ? - help)
Okay, then.
There is a hazy altar of Hepliaklqana, spattered with blood here.
There is a large open translucent door here.
You open the door.
There is an open door here.
There is a stone staircase leading down here.
You climb downwards.
The centaur shouts!
There is a stone staircase leading up here.
The hound barks!
The ogre shouts!
The bullfrog gives a loud, deep croak!
The centaur wields a +0 shortbow.
The centaur shoots an arrow.
The arrow hits you.
The orc priest shouts!
You climb upwards.
There is a stone staircase leading down here.
HP restored.
There is an open door here.
You see here a +0 falchion.
There is a stone staircase leading down here.
You climb downwards.
There is a stone staircase leading up here.
You can't go down here!
There is a stone staircase leading up here.
You now have 273 gold pieces (gained 11).
There is a stone staircase leading up here.
Found a stone staircase leading down.
P - 2 glowing black potions (gained 1)
A wight and a centaur come into view.
The centaur shouts!
The centaur wields a +0 shortbow.
The centaur shoots an arrow.
The arrow hits you!
The centaur shoots an arrow.
The arrow completely misses you.
The centaur shoots an arrow.
The arrow hits you!
The centaur shoots an arrow.
The arrow hits you!
The centaur shoots an arrow.
The arrow hits you.
You start resting.
A wight is nearby!
You miscast Ozocubu's Armour.
You are very lightly contaminated with residual magic.
Nothing appears to happen.
A wight comes into view.
It is wielding a +4 great sword of freezing.
You slash the wight!
The wight is almost destroyed.
The wight barely misses you. The wight hits you with a +0 scimitar.
You closely miss the wight.
The wight is almost destroyed.
The wight barely misses you.
You hit the wight.
You destroy the wight!
The centaur unwields a +0 shortbow.
The centaur hits you.
The centaur kicks you but does no damage.
You slash the centaur!
The centaur is poisoned.
The centaur is heavily wounded.
The centaur completely misses you.
The centaur kicks you but does no damage.
The centaur closely misses you. The centaur kicks you.
You barely miss the wight. You slash the centaur!
The centaur hits you but does no damage.
The centaur kicks you but does no damage.
The centaur hits you but does no damage.
The centaur kicks you.
The wight hits you with a +4 great sword of freezing!
The wight freezes you.
You hit the wight but do no damage. You hit the centaur but do no damage.
The centaur hits you. The centaur completely misses you.
The wight closely misses you. The centaur hits you.
The centaur closely misses you.
Your magical contamination has completely faded away.
You closely miss the wight. You barely miss the centaur.
The centaur barely misses you.
The centaur kicks you but does no damage.
The wight closely misses you. The centaur hits you.
* * * LOW HITPOINT WARNING * * *
The centaur kicks you.
* * * LOW HITPOINT WARNING * * *
You slash the wight!
The wight is severely damaged.
You hit the centaur.
You kill the centaur!
The wight hits you with a +4 great sword of freezing!!
* * * LOW HITPOINT WARNING * * *
You feel drained.
You die...

##### ##.
##...#..$#
########.........
#......zc........
#)#####....).....
#@#####..........
#.z..............
#.........>.#...#
#..........######
#...........
#.......(..##
#.........
#.........
#.########


You could see a wight.

Vanquished Creatures
  2 centaurs
  A phantom (D:5)
  A bullfrog (D:6)
  2 scorpions
  A wight (D:7)
  A jelly (D:6)
  2 orc priests
  2 hounds
  A gnoll bouda (D:5)
  A sleepcap (D:4)
  Terence (D:2)
  2 iguanas
  An orc wizard (D:4)
  12 gnolls
  7 adders
  2 white imps (D:6)
  2 ufetubi (D:4)
  2 worms (D:2)
  10 orcs
  7 endoplasms
  6 giant cockroaches
  9 goblins
  7 hobgoblins
  4 jackals (D:1)
  2 quokkas (D:1)
  5 ball pythons
  10 bats
  6 frilled lizards
  2 kobolds
  2 rats
113 creatures vanquished.

Notes
Turn   | Place    | Note
-------+----------+-------------------------------------------
     0 | D:5      | browni3141 the Ogre Delver began the quest for the Orb.
     0 | D:5      | Reached XP level 1. HP: 24/24 MP: 1/1
    33 | D:5      | Reached XP level 2. HP: 12/32 MP: 2/2
   381 | D:3      | Found Ruobenot's Weapon Shop.
   422 | D:3      | Reached XP level 3. HP: 40/40 MP: 3/3
   698 | D:1      | Reached skill level 3 in Maces & Flails
   980 | D:1      | Reached XP level 4. HP: 49/49 MP: 4/4
  1405 | D:2      | Noticed Terence
  1417 | D:2      | Killed Terence
  1418 | D:2      | Reached skill level 5 in Fighting
  1603 | D:2      | Reached XP level 5. HP: 47/57 MP: 5/5
  3005 | D:3      | Reached XP level 6. HP: 39/67 MP: 6/6
  3211 | D:3      | Learned a level 3 spell: Ozocubu's Armour
  3386 | D:3      | Reached skill level 6 in Fighting
  4285 | D:4      | Found a hide-covered altar of Uskayaw.
  4674 | D:5      | Reached XP level 7. HP: 47/75 MP: 3/10
  5397 | D:5      | Reached skill level 3 in Spellcasting
  5550 | D:5      | Found an opulent altar of Gozag.
  6427 | D:6      | Found a large runed translucent door.
  6428 | D:6      | Found a large runed translucent door.
  6574 | D:6      | Found a bloodstained altar of Trog.
  6765 | D:6      | Reached skill level 3 in Ice Magic
  6765 | D:6      | Reached XP level 8. HP: 80/84 MP: 12/12
  6936 | D:6      | Reached skill level 7 in Fighting
  6936 | D:6      | Reached skill level 6 in Maces & Flails
  7173 | D:6      | Found a radiant altar of Vehumet.
  7185 | D:6      | Found a hazy altar of Hepliaklqana.
  7379 | D:7      | HP: 3/87 [wight/+4 great sword of freezing (21)]
  7379 | D:7      | Slain by a wight

Illustrated notes

Levels and vault maps discovered:
D:1:      amcnicky_arrival_single_pillar, layout_loops_cross
D:2:      layout_basic, chequers_serial_rivers_room_a, st_stairs_12,
          interstate_on_off, roderic_roman_lattice, uniq_terence
D:3:      layout_basic, serial_shops, nicolae_shop_tiny_real_fake_doors,
          kennysheep_cross_bottleneck
D:4:      layout_basic, nicolae_uskayaw_murder_on_the_dancefloor
D:5:      layout_loops_corners, nicolae_gozag_seed_capital
D:6:      layout_basic, mainiacjoe_overflow_paths, jmf_multi_god_temple2
D:7:      minmay_s_stair_smasher, layout_rooms,
          minmay_temple_entry_statues_fountains, ebering_ghost_reflecting_pool,
          uniq_joseph

Skill      XL: |  1  2  3  4  5  6  7  8 |
---------------+-------------------------+-----
Maces & Flails | 2 3 4 5 6 |  6.1
Fighting       | 5 6 7 |  7.2
Spellcasting   | 2 3 |  3.0
Ice Magic      | 1 3 |  3.0
Dodging        | |  1.7
Stealth        | |  3.7

Action                     |  1- 3 |  4- 6 |  7- 9 || total
---------------------------+-------+-------+-------++-------
  Melee: Mace              |    84 |   182 |       ||   266
         Punch             |     1 |     4 |       ||     5
         War axe           |       |    65 |    72 ||   137
  Throw: Dart              |       |    21 |       ||    21
   Cast: Ozocubu's Armour  |       |     2 |     3 ||     5
   Stab: Sleeping          |     4 |     5 |     3 ||    12
 Armour: Robe              |    38 |   102 |    25 ||   165
  Dodge: Dodged            |    39 |   144 |    52 ||   235
